 Dungeon Crawl Stone Soup version 0.32-a0-558-g233958a4c4 (webtiles) character file.

Game seed: 16681706130589088109

7423 kae the Mimic (level 10, -13/99 HPs)
             Began as a Green Draconian Shapeshifter on Feb 29, 2024.
             Was a Follower of Ru.
             Killed from afar by a gargoyle (24 damage)
             ... with a stone arrow
             ... on level 9 of the Dungeon.
             The game lasted 00:09:44 (9228 turns).

kae the Mimic (Green Draconian Shapeshifter)        Turns: 9228, Time: 00:09:45

Health: -13/99     AC:  7    Str: 16    XL:     10   Next: 93%
Magic:  10/10      EV: 18    Int: 10    God:    Ru [*.....]
Gold:   465        SH:  0    Dex: 18    Spells: 9/9 levels left

rFire   + .          .
                       - Unarmed
rCold   . . .        (shield currently unavailable)
rNeg    + . .        (body armour unavailable)
rPois   +            (helmet restricted)
rElec   .            (no cloak)
rCorr   .            (no gloves)
SInv    .            (no boots)
Will    .....        (no amulet)
Stlth   +            N - ring of positive energy
HPRegen 0.36/turn    (no ring)
MPRegen 0.12/turn

%: no passive effects
@: flux-form, glowing
A: glow, contaminating, noxious breath, AC +7, unfitting armour, poison
resistance, cold-blooded, hated by all, thin skeletal structure 1, fire
resistance 1, robust 1, MP-powered wands
a: Noxious Breath, Begin Untransformation, Renounce Religion


You were on level 9 of the Dungeon.
You worshipped Ru.
Ru was aware of your devotion.
You were something dangerously unstable.
You visited 2 branches of the dungeon, and saw 10 of its levels.
You also visited: Ossuary.

You collected 600 gold pieces.
You spent 135 gold pieces at shops.


Innate Abilities, Weirdness & Mutations

You are something dangerously unstable.
You glow with magical radiation, making you easy to see and hit.
Foes you strike become dangerously contaminated with magical radiation.
You are incapable of wielding weapons or throwing items.
You can breathe blasts of noxious fumes.
Your lurid green scales are hard. (AC +7)
You cannot fit into any form of body armour.
Your system is resistant to poisons. (rPois)
You are cold-blooded and may be slowed by cold attacks.
You are hated by all.
You have a somewhat thin skeletal structure. (Dex +2, Stealth+)
Your flesh is heat resistant. (rF+)
You are robust. (+10% HP)
You expend magic power (3 MP) to strengthen your wands.


   Skills:
 + Level 8.9 Fighting
 + Level 4.7 Dodging
 * Level 10.0 Unarmed Combat
 + Level 10.0 Shapeshifting


You had 9 spell levels left.
You didn't know any spells.
Your spell library contained the following spells:

 Spells                   Type           Power      Damage    Failure   Level
 Magic Dart               Conj           0%         1d3       36%         1
 Slow                     Hex            0%         N/A       36%         1
 Blink                    Tloc           0%         N/A       50%         2
 Scorch                   Fire           0%         2d5       50%         2
 Confusing Touch          Hex            0%         N/A       75%         3
 Sigil of Binding         Hex            0%         N/A       75%         3
 Vampiric Draining        Necr           0%         2d6       75%         3
 Anguish                  Hex/Necr       0%         N/A       98%         4
 Cause Fear               Hex            0%         N/A       98%         4
 Flame Wave               Conj/Fire      0%         2d4       98%         4
 Olgreb's Toxic Radiance  Alch           0%         N/A       98%         4
 Passage of Golubria      Tloc           0%         N/A       98%         4
 Yara's Violent Unravell  Hex/Alch       0%         3d3       100%        5
 Enfeeble                 Hex            0%         N/A       100%        7
 Ozocubu's Refrigeration  Ice            0%         4d7       100%        7
 Discord                  Hex            0%         N/A       100%        8
 Call Imp                 Summ           Unusable   N/A       N/A         2
 Summon Ice Beast         Ice/Summ       Unusable   N/A       N/A         3
 Tukima's Dance           Hex            Unusable   N/A       N/A         3
 Summon Mana Viper        Hex/Summ       Unusable   N/A       N/A         5
 Summon Cactus Giant      Summ           Unusable   N/A       N/A         6
 Monstrous Menagerie      Summ           Unusable   N/A       N/A         7

Inventory:

Missiles
 i - 86 stones (quivered)
 l - 26 poisoned darts
 z - a curare-tipped dart {=f}
 B - a boomerang
Jewellery
 d - a +6 ring of dexterity
   (You found it on level 8 of the Dungeon)
 N - a ring of positive energy (left hand)
   (You found it on level 4 of the Dungeon)
Talismans
 b - a beast talisman
 c - a flux talisman (active)
Wands
 m - a wand of flame (47)
   (You took it off a goblin on level 2 of the Dungeon)
 o - a wand of digging (2)
   (You found it on level 4 of the Dungeon)
 y - a wand of charming (10)
   (You found it on level 6 of the Dungeon)
Scrolls
 j - a scroll of blinking {!r}
 n - 4 scrolls of teleportation {@r4}
 p - 3 scrolls of identify {@r1}
 s - a scroll of enchant armour
 v - 2 scrolls of butterflies
 D - 2 scrolls of noise {!r}
Potions
 a - 3 potions of lignification {!q}
 e - 3 potions of heal wounds {@q2}
 f - 3 potions of attraction {!q}
 g - 2 potions of haste {@q3}
 h - 5 potions of curing {@q1}
 k - 3 potions of ambrosia
 q - a potion of magic
 r - a potion of mutation {!q}
 t - a potion of resistance
 u - a potion of might
 w - 2 potions of degeneration {!q}
 x - 2 potions of enlightenment
 A - a potion of brilliance

Dungeon Overview and Level Annotations

Branches:
Dungeon (9/15) Zot: 26622  Temple (1/1) D:4 Zot: 5887 Ossuary (visited)
   Lair: D:8-11         Orc: D:9-12

Altars:
Ashenzari
Cheibriados
Dithmenos
Elyvilon
Gozag
Kikubaaqudgha
Makhleb
Nemelex Xobeh
Okawaru
Qazlal
Ru
Sif Muna
Trog
Vehumet
Wu Jian
Xom
Zin
The Shining One

Shops:
D:2 [?:**

Annotations:
D:4 1 transporter, Skimidon's ghost, amateur VSWn
D:6 3 runed translucent doors, FlatIsJustice's ghost, novice FoFi; Skimidon's ghost, novice CoHu
D:7 1 runed translucent door, Skimidon's ghost, novice DgHu
D:8 3 runed translucent doors, Skimidon's ghost, journeyman CoHu

###.#..##?..
B..##. #.....##
###. .### ##
##.##.##)# #.#
#/# ##......#.#
#O# #.#
#....#.##.## . .
#.#
#...####...##..
Y##. .
#..##.B9.......
..
#...##ยง#...##..
.##. .
#...)#p##.## .
#.# ##.#..$.#.#
#. #.#
#.....##)# .#
#(# #####..# ###
.###### ##..# .F
..$##. #..####z
####..
#..#.##z##.#...
#....#z#....#.
##.##)##.####


You could see a boulder beetle (confused, contam, misshapen) and a gargoyle.


Message History

Unknown command.
You hit the boulder beetle but do no damage.
The boulder beetle glows dangerously bright.
The boulder beetle bites you.
* * * LOW HITPOINT WARNING * * *
๐Ÿ˜จ HP[-4]
You take 4 damage, and now have 48/99 hp.
You hit the boulder beetle.
The boulder beetle shudders as magic cascades through it!!
The boulder beetle twists and deforms.
You tail-slap the boulder beetle. The boulder beetle misses you.
You hit the boulder beetle.
The boulder beetle begins to glow.
You tail-slap the boulder beetle, but do no damage.
The boulder beetle completely misses you. ๐Ÿ˜จ HP[+1]
You hit the boulder beetle but do no damage.
The boulder beetle glows dangerously bright.
Unknown command.
You hit the boulder beetle but do no damage.
The boulder beetle shudders as magic cascades through it!!
The boulder beetle twists and deforms.
The boulder beetle bites you but does no damage.
You hit the boulder beetle but do no damage.
The boulder beetle begins to glow.
The boulder beetle completely misses you.
You punch the boulder beetle!
You kill the boulder beetle!
The boulder beetle curls into a ball and begins rolling!
Your Unarmed Combat skill increases to level 10! ๐Ÿ˜ฎ HP[+1] Unknown command.
The wyvern bites you!
* * * LOW HITPOINT WARNING * * *
The boulder beetle hits you!!
* * * LOW HITPOINT WARNING * * *
The boulder beetle stops rolling and uncurls.
The wyvern misses you.
There is an open door, spattered with blood here.
You see here a boulder beetle corpse. ๐Ÿ˜ฑ HP[-31]
You take 31 damage, and now have 19/99 hp.
MASSIVE DAMAGE!! (PAUSE)
You hit the boulder beetle but do no damage.
The boulder beetle glows dangerously bright.
The wyvern closely misses you. The boulder beetle closely misses you.
Unknown command.
The wyvern attacks as it pursues you!
The wyvern misses you. ๐Ÿ˜ฑ HP[+1] Unknown command.
You hit the wyvern but do no damage.
The wyvern begins to glow.
The wyvern bites you!
* * * LOW HITPOINT WARNING * * *
The wyvern closely misses you. ๐Ÿ˜ฑ HP[-8]
You take 8 damage, and now have 12/99 hp.
You punch the wyvern!
The wyvern glows dangerously bright.
The wyvern bites you.
* * * LOW HITPOINT WARNING * * *
๐Ÿ˜ฑ HP[-3]
You take 3 damage, and now have 9/99 hp.
Unknown command.
You hit the wyvern.
The wyvern shudders as magic cascades through it.
The wyvern twists and deforms.
The boulder beetle curls into a ball and begins rolling!
The wyvern misses you. ๐Ÿ˜ฑ HP[+1]
Aiming: Noxious Breath
Press: ? - help, Shift-Dir - straight line, f - wyvern
Aim: a wyvern (heavily wounded, misshapen and mutated, 85% to hit)
You exhale a blast of noxious fumes.
The blast of choking fumes hits the wyvern.
The blast of choking fumes hits the boulder beetle.
The wyvern is engulfed in noxious fumes.
The wyvern appears confused.
The wyvern completely misses you.
The boulder beetle is engulfed in noxious fumes.
The boulder beetle appears confused.
The boulder beetle stops rolling and uncurls.
Okay, then.
You punch the wyvern!
The wyvern begins to glow.
The wyvern is engulfed in noxious fumes.
The wyvern appears confused.
The wyvern barely misses you.
The boulder beetle is engulfed in noxious fumes.
The wyvern is engulfed in noxious fumes.
The wyvern appears confused.
The wyvern misses you.
Unknown command.
You hit the wyvern.
The wyvern glows dangerously bright.
You tail-slap the wyvern.
The wyvern is engulfed in noxious fumes.
The wyvern appears confused. ๐Ÿ˜ฑ HP[+1] Unknown command.
You hit the wyvern.
You kill the wyvern!
The boulder beetle is engulfed in noxious fumes.
The boulder beetle bites itself!
The gargoyle hurls a stone arrow at you.
The stone arrow hits you!!
You die...
Ru respects your ultimate sacrifice.

Skill      XL: |  1  2  3  4  5  6  7  8  9 10 |
---------------+-------------------------------+-----
Fighting       | 2 3 4 5 6 7 8 |  8.9
Shapeshifting  | 4 5 6 8 9 10 | 10.0
Unarmed Combat | 4 5 6 8 10 | 10.0
Dodging        | 3 4 |  4.7

Action                     |  1- 3 |  4- 6 |  7- 9 | 10-12 || total
---------------------------+-------+-------+-------+-------++-------
  Melee: Unarmed           |   103 |   129 |   469 |   114 ||   815
         Tailslap          |     7 |    16 |    88 |    18 ||   129
         Punch             |       |     3 |       |       ||     3
 Invoke: Reject Sacrifices |       |       |     1 |       ||     1
         Sacrifice Love    |       |       |       |     1 ||     1
Ability: Noxious Breath    |       |       |     3 |     3 ||     6
    Use: Scroll            |     4 |     4 |     9 |     2 ||    19
         Potion            |       |       |     4 |       ||     4
   Stab: Confused          |       |       |     2 |     1 ||     3
         Sleeping          |       |       |     2 |       ||     2
         Distracted        |       |       |     1 |       ||     1
 Armour: Skin              |    42 |    61 |   262 |    55 ||   420
  Dodge: Dodged            |    60 |    96 |   441 |    98 ||   695
   Form: Flux              |       |     1 |       |       ||     1

Levels and vault maps discovered:
D:1:      spicycebolla_arrival_clurvy, layout_basic,
          dreamdust_ecumenical_altar_drowned_temple
D:2:      layout_basic, serial_shops, shop, nicolae_diamond_shop, shop,
          nicolae_diamond_shop, shop
D:3:      layout_loops_cross, grunt_temple_overflow_opulence,
          lemuel_coloured_pillars_altar, uniq_sigmund
D:4:      layout_loops_ring, xom_confusion_cloud, minmay_temple_entry_arrows,
          gammafunk_ghost_smash
D:5:      layout_basic, amcnicky_altar_gilded, bloody_makhleb, serial_glass,
          glass_columns_a, glass_columns_c, hangedman_decor_clover_reticule,
          minmay_misc_feat_rugged
D:6:      layout_basic, chequers_ossuary_entry_cave, gammafunk_ghost_cemetery,
          minmay_misc_feat_roman, uniq_eustachio
D:7:      layout_gridville, hellmonk_overflow_destroyed_library,
          mainiacjoe_overflow_small_starburst, nicolae_ashenzari_skybound,
          mainiacjoe_overflow_divided_tiny, ebering_ghost_reflecting_pool,
          minmay_misc_feat_plants, ldierk_geyser, roderic_serpentine_path,
          st_stairs_12, minmay_lizard_king
D:8:      layout_cave_pools, nzn_wu_jian_contemplation,
          gammafunk_ghost_necromancy
D:9:      layout_basic, nicolae_uskayaw_dance_hall,
          fedhas_bush_and_centaur_altar, gammafunk_ghost_stat_death,
          minmay_fractal_squares_gapless_7, uniq_jeremiah
Temple:   nicolae_temple_superstar

Notes
Turn   | Place    | Note
-------+----------+-------------------------------------------
     0 | D:1      | kae the Draconian Shapeshifter began the quest for the Orb.
     0 | D:1      | Reached XP level 1. HP: 16/16 MP: 1/1
     0 | D:1      | magus.rc [v1.11.3]
   174 | D:1      | Reached XP level 2. HP: 23/23 MP: 2/2
   378 | D:1      | Found a faded altar of an unknown god.
   737 | D:2      | Found Vuirimm's Book Boutique.
   788 | D:2      | Reached XP level 3. HP: 27/29 MP: 3/3
   852 | D:2      | You pick up a book of Beasts and begin reading...
   852 | D:2      | You add the spells Summon Ice Beast, Summon Mana Viper and
                  | Monstrous Menagerie to your library.
   980 | D:2      | Reached skill level 2 in Fighting
   995 | D:2      | Found Onufup's Magic Scroll Shoppe.
  1006 | D:2      | Bought a scroll of blinking for 90 gold pieces
  1006 | D:2      | Bought a scroll of identify for 24 gold pieces
  1072 | D:2      | Found Agraptena's Armour Emporium.
  1259 | D:2      | Found Boewun's Assorted Antiques.
  1269 | D:2      | Bought a smoky brown potion for 21 gold pieces
  1382 | D:2      | Reached XP level 4. HP: 34/36 MP: 4/4
  1415 | D:2      | Found Lidwid's General Store.
  1435 | D:2      | Reached skill level 4 in Shapeshifting
  1801 | D:3      | HP: 9/37 [burnt (4)]
  1802 | D:3      | HP: 4/37 [burnt (5)]
  1907 | D:3      | You pick up a book of Minor Magic and begin reading...
  1907 | D:3      | You add the spells Magic Dart, Blink and Call Imp to your
                  | library.
  2136 | D:2      | Reached XP level 5. HP: 30/42 MP: 5/5
  2533 | D:3      | Found a hazy altar of Hepliaklqana.
  2736 | D:3      | Noticed Sigmund
  2785 | D:3      | Killed Sigmund
  2786 | D:3      | Reached skill level 3 in Fighting
  2786 | D:3      | Reached skill level 4 in Unarmed Combat
  2786 | D:3      | Reached skill level 5 in Shapeshifting
  2786 | D:3      | Reached XP level 6. HP: 29/51 MP: 6/6
  2859 | D:3      | Found an opulent altar of Gozag.
  2861 | D:3      | Found a sparkling altar of Nemelex Xobeh.
  3102 | D:4      | Found a transporter.
  3102 | D:4      | Noticed Skimidon's ghost (amateur VSWn)
  3170 | D:4      | Found a staircase to the Ecumenical Temple.
  3182 | D:4      | Reached skill level 4 in Fighting
  3189 | D:4      | Your scales start taking on a lurid green colour.
  3189 | D:4      | Reached XP level 7. HP: 35/59 MP: 7/7
  3189 | D:4      | Gained mutation: Your system is resistant to poisons.
                  | (rPois) [Green Draconian growth]
  3217 | D:4      | HP: 11/52 [hound (3)]
  3222 | D:4      | HP: 8/52 [hound (5)]
  3227 | D:4      | HP: 8/52 [orc/+0 dagger (1)]
  3232 | D:4      | Reached skill level 6 in Shapeshifting
  3237 | D:4      | Reached skill level 5 in Unarmed Combat
  3319 | Temple   | Entered the Ecumenical Temple
  3403 | Temple   | Became a worshipper of Ru the Awakened
  3520 | D:4      | You pick up a book of Debilitation and begin reading...
  3520 | D:4      | You add the spells Slow, Sigil of Binding, Vampiric
                  | Draining and Confusing Touch to your library.
  3756 | D:4      | You fall into a shaft and drop 3 floors!
  3796 | D:7      | Found a basalt altar of Yredelemnul.
  3806 | D:7      | Reached skill level 5 in Fighting
  3837 | D:7      | Reached XP level 8. HP: 55/68 MP: 8/8
  3876 | D:7      | You pick up a book of Hexes and begin reading...
  3876 | D:7      | You add the spells Anguish, Cause Fear and Enfeeble to your
                  | library.
  3894 | D:7      | Found a runed translucent door.
  4058 | D:7      | Found a shadowy altar of Dithmenos.
  4059 | D:7      | Found an ancient bone altar of Kikubaaqudgha.
  4074 | D:7      | Reached skill level 7 in Shapeshifting
  4217 | D:7      | Found a shimmering blue altar of Sif Muna.
  4219 | D:7      | Found a bloodstained altar of Trog.
  4221 | D:7      | You pick up a book of Scorching and begin reading...
  4221 | D:7      | You add the spells Scorch, Flame Wave and Summon Cactus
                  | Giant to your library.
  4236 | D:7      | Found a broken altar of Ashenzari.
  4266 | D:7      | HP: 17/68 [poisoned by a killer bee]
  4269 | D:7      | HP: 8/68 [poisoned by a killer bee]
  4271 | D:7      | HP: 3/69 [poisoned by a killer bee]
  4272 | D:7      | HP: 1/69 [killer bee (8)]
  4274 | D:7      | Gained mutation: You have hidden genetic potential. [potion
                  | of mutation]
  4274 | D:7      | Gained mutation: You are robust. (+10% HP) [potion of
                  | mutation]
  4274 | D:7      | Gained mutation: Your flesh is heat resistant. (rF+)
                  | [potion of mutation]
  4528 | D:7      | Reached skill level 6 in Unarmed Combat
  4556 | D:7      | You add the spells Tukima's Dance, Passage of Golubria and
                  | Yara's Violent Unravelling to your library.
  4598 | D:7      | Reached skill level 6 in Fighting
  4606 | D:7      | HP: 13/74 [wight/+3 hand axe (9)]
  4610 | D:7      | HP: 4/74 [wight/+3 hand axe (6)]
  4612 | D:7      | Reached skill level 8 in Shapeshifting
  4935 | D:7      | Noticed Skimidon's ghost (novice DgHu)
  5048 | D:7      | Noticed a komodo dragon
  5080 | D:6      | Reached XP level 9. HP: 51/85 MP: 9/9
  5131 | D:6      | Found a sand-covered staircase.
  5139 | Ossuary  | Entered an ossuary
  5446 | Ossuary  | Gained mutation: You have a somewhat thin skeletal
                  | structure. (Dex +2, Stealth+) [hidden potential]
  5747 | D:6      | Reached skill level 7 in Unarmed Combat
  5809 | D:6      | Found a runed translucent gate.
  5821 | D:6      | Noticed Eustachio
  5841 | D:6      | Killed Eustachio
  5842 | D:6      | Reached skill level 7 in Fighting
  6132 | D:6      | Found a runed translucent gate.
  6132 | D:6      | Found a runed translucent gate.
  6134 | D:6      | Noticed FlatIsJustice's ghost (novice FoFi)
  6134 | D:6      | Noticed Skimidon's ghost (novice CoHu)
  6357 | D:5      | Entered Level 5 of the Dungeon
  6413 | D:5      | Reached skill level 9 in Shapeshifting
  6448 | D:5      | Found a burning altar of Makhleb.
  6455 | D:5      | Identified the +3 whip "Kuolubla" {elec, rElec Will- Str+7
                  | Int+2}
  6572 | D:5      | Reached skill level 2 in Dodging
  6795 | D:5      | Found a glowing golden altar of the Shining One.
  7085 | D:4      | Found a shimmering altar of Xom.
  7406 | D:7      | Killed a komodo dragon
  7694 | D:7      | Reached skill level 8 in Unarmed Combat
  7695 | D:7      | You add the spells Olgreb's Toxic Radiance, Ozocubu's
                  | Refrigeration and Discord to your library.
  8010 | D:8      | Reached skill level 3 in Dodging
  8091 | D:8      | Found an ornate altar of the Wu Jian Council.
  8125 | D:8      | Reached XP level 10. HP: 69/96 MP: 10/10
  8144 | D:8      | Gained mutation: You are hated by all. [Ru sacrifice]
  8144 | D:8      | Reached * piety under Ru
  8154 | D:8      | HP: 24/96 [shadow imp/nerve-wracking pain (3)]
  8431 | D:8      | Found a runed translucent gate.
  8431 | D:8      | Found a runed translucent gate.
  8432 | D:8      | Found a runed translucent gate.
  8440 | D:8      | Noticed Skimidon's ghost (journeyman CoHu)
  8927 | D:9      | Noticed a two-headed ogre
  8928 | D:9      | Noticed Jeremiah
  8936 | D:9      | Noticed a gargoyle
  8952 | D:9      | Noticed a catoblepas
  8955 | D:9      | Noticed a boulder beetle
  8962 | D:9      | Noticed a two-headed ogre
  8971 | D:9      | Killed a two-headed ogre
  8972 | D:9      | Reached skill level 8 in Fighting
  8977 | D:9      | Noticed a two-headed ogre
  8985 | D:9      | Gained mutation: You expend magic power (3 MP) to
                  | strengthen your wands. [hidden potential]
  8985 | D:9      | Lost mutation: You have hidden genetic potential. [hidden
                  | potential expressed]
  8986 | D:9      | Killed a two-headed ogre
  8987 | D:9      | Reached skill level 4 in Dodging
  8987 | D:9      | Reached skill level 9 in Unarmed Combat
  9088 | D:9      | Noticed a manticore
  9131 | D:9      | Noticed a boulder beetle
  9132 | D:9      | Noticed a boulder beetle
  9132 | D:9      | Noticed a two-headed ogre
  9168 | D:9      | Killed Jeremiah
  9183 | D:9      | Noticed a tengu warrior
  9202 | D:9      | Killed a tengu warrior
  9203 | D:9      | Reached skill level 10 in Shapeshifting
  9218 | D:9      | Killed a boulder beetle
  9219 | D:9      | Reached skill level 10 in Unarmed Combat
  9219 | D:9      | HP: 19/99 [boulder beetle (21)]
  9223 | D:9      | HP: 9/99 [wyvern (3)]
  9228 | D:9      | Killed from afar by a gargoyle

Vanquished Creatures
  2 two-headed ogres (D:9)
  A boulder beetle (D:9)
  A tengu warrior (D:9)
  A komodo dragon (D:7)
  Jeremiah (D:9)
  Sigmund (D:3)
  3 yaks (D:9)
  2 wyverns (D:9)
  Eustachio (D:6)
  An acid dragon (D:9)
  3 orc warriors
  3 ice beasts
  4 sky beasts
  A black bear (D:6)
  A laughing skull (D:9)
  An ogre (D:5)
  3 phantoms
  A centaur (D:8)
  A kobold brigand (D:8)
  2 bullfrogs
  5 scorpions (D:4)
  A burial acolyte (Ossuary)
  7 wights
  3 killer bees (D:7)
  A howler monkey (D:6)
  2 bombardier beetles
  6 orc priests
  8 hounds
  A jelly (D:5)
  6 iguanas
  3 sleepcaps
  3 orc wizards
  A mummy (Ossuary)
  4 gnolls
  9 adders
  2 shadow imps
  4 white imps
  2 dart slugs
  14 orcs
  12 endoplasms
  4 giant cockroaches
  11 goblins
  6 hobgoblins
  5 jackals
  12 kobolds
  4 quokkas
  3 ball pythons
  4 bats
  8 frilled lizards
  9 gnoll skeletons (Ossuary)
  6 kobold skeletons (Ossuary)
  5 orc skeletons (Ossuary)
  7 rats
  A spectral kobold (D:1)
213 creatures vanquished.

Vanquished Creatures (collateral kills)
  A hound (D:4)
1 creature vanquished.

Vanquished Creatures (others)
  A bullfrog (D:4)
  A hound (D:4)
  2 ball pythons (D:4)
4 creatures vanquished.

Grand Total: 218 creatures vanquished

Table legend:
 A = Non-vault XP
 B = Vault XP
 C = Vault XP percentage of total XP
 D = Non-vault monster count
 E = Vault monster count
 F = Vault count percentage of total count
                 A         B        C        D         E       F
            +---------+---------+-------+---------+---------+-------
      Total |    7012 |    3807 |  35.2 |     164 |      50 |  23.4
            +---------+---------+-------+---------+---------+-------
        D:1 |      36 |       1 |   2.7 |      20 |       1 |   4.8
        D:2 |     117 |       0 |   0.0 |      26 |       0 |   0.0
        D:3 |      96 |     226 |  70.2 |      16 |       1 |   5.9
        D:4 |     588 |     198 |  25.2 |      23 |       7 |  23.3
        D:5 |     472 |       0 |   0.0 |      11 |       0 |   0.0
        D:6 |     562 |     233 |  29.3 |      10 |       2 |  16.7
        D:7 |    1706 |     658 |  27.8 |      25 |      10 |  28.6
        D:8 |     812 |       0 |   0.0 |      26 |       0 |   0.0
        D:9 |    2623 |    2237 |  46.0 |       7 |       5 |  41.7
    Ossuary |       0 |     254 | 100.0 |       0 |      24 | 100.0
            +---------+---------+-------+---------+---------+-------

Skill      XL: |  1  2  3  4  5  6  7  8  9 10 |
---------------+-------------------------------+-----
Fighting       | 2 3 4 5 6 7 8 |  8.9
Shapeshifting  | 4 5 6 8 9 10 | 10.0
Unarmed Combat | 4 5 6 8 10 | 10.0
Dodging        | 3 4 |  4.7

Action                     |  1- 3 |  4- 6 |  7- 9 | 10-12 || total
---------------------------+-------+-------+-------+-------++-------
  Melee: Unarmed           |   103 |   129 |   469 |   114 ||   815
         Tailslap          |     7 |    16 |    88 |    18 ||   129
         Punch             |       |     3 |       |       ||     3
 Invoke: Reject Sacrifices |       |       |     1 |       ||     1
         Sacrifice Love    |       |       |       |     1 ||     1
Ability: Noxious Breath    |       |       |     3 |     3 ||     6
    Use: Scroll            |     4 |     4 |     9 |     2 ||    19
         Potion            |       |       |     4 |       ||     4
   Stab: Confused          |       |       |     2 |     1 ||     3
         Sleeping          |       |       |     2 |       ||     2
         Distracted        |       |       |     1 |       ||     1
 Armour: Skin              |    42 |    61 |   262 |    55 ||   420
  Dodge: Dodged            |    60 |    96 |   441 |    98 ||   695
   Form: Flux              |       |     1 |       |       ||     1

Illustrated notes

Table legend:
 A = Kills in this place as a percentage of kills in the entire game.
 B = Kills by you in this place as a percentage of kills by you in the entire game.
 C = Kills by friends in this place as a percentage of kills by friends in the entire game.
 D = Other kills in this place as a percentage of other kills in the entire game.
 E = Experience gained in this place as a percentage of experience gained in the entire game.
 F = Experience gained in this place divided by the number of levels of this place that you have seen.
                   A       B       C       D       E      F
               +-------+-------+-------+-------+-------+----------------------
         Total | 100.0 | 100.0 | 100.0 | 100.0 | 100.0 | 983.5
       Dungeon |  88.8 |  88.3 | 100.0 | 100.0 |  97.7 | 1173.9
       Ossuary |  11.2 |  11.7 |   0.0 |   0.0 |   2.3 | 254.0
               +-------+-------+-------+-------+-------+----------------------

Table legend: (Time is in decaauts)
 A = Elapsed time spent in this place.
 B = Non-inter-level travel time spent in this place.
 C = Inter-level travel time spent in this place.
 D = Time resting spent in this place.
 E = Time spent auto-exploring this place.
 F = Levels seen in this place.
 G = Mean time per level.
                   A        B        C        D        E       F      G
               +--------+--------+--------+--------+--------+-----+--------+
         Total |   9139 |   8801 |    338 |    318 |   6855 |  11 |  830.8 |
       Dungeon |   8670 |   8388 |    282 |    315 |   6622 |   9 |  963.3 |
        Temple |    112 |     57 |     55 |      0 |     56 |   1 |  112.0 |
       Ossuary |    356 |    356 |      0 |      3 |    177 |   1 |  356.0 |
               +--------+--------+--------+--------+--------+-----+--------+

Top non-repeatable levels by time:
     D:7: 1907 daAuts
     D:2: 1256 daAuts
     D:3: 989 daAuts
     D:4: 915 daAuts
     D:6: 909 daAuts
     D:8: 898 daAuts
     D:1: 737 daAuts
     D:5: 678 daAuts
     D:9: 377 daAuts
 Ossuary: 356 daAuts
  Temple: 112 daAuts
